 Dungeon Crawl Stone Soup version 0.17-a0-1887-g3e50df6 (webtiles) character file.

537 Goblin1989 the Covert (level 7, -2/33 HPs)
             Began as a Spriggan Assassin on Sept 23, 2015.
             Was an Initiate of Dithmenos.
             Killed by divine providence
             ... invoked by an orc priest
              (13 damage)
             ... on level 5 of the Dungeon.
             The game lasted 00:25:03 (4430 turns).

Goblin1989 the Covert (Spriggan Assassin)           Turns: 4430, Time: 00:25:04

Health: -2/33      AC:  3    Str:  7      XL:     7   Next: 5%
Magic:  8/8        EV: 17    Int: 12      God:    Dithmenos [......]
Gold:   229        SH:  0    Dex: 17 (20) Spells: 0 memorised, 6 levels left

rFire  . . .     SeeInvis +     a - +3 dagger
rCold  . . .     Clarity  .     c - +0 robe
rNeg   . . .     SustAt   .     (shield restricted)
rPois  .         Gourm    .     (helmet restricted)
rElec  .         Spirit   .     k - +0 cloak
rCorr  .         Warding  .     (gloves unavailable)
rMut   .         Stasis   .     (boots unavailable)
MR     +....                    (no amulet)
Stlth  +++++.....               (no ring)
                                (no ring)

@: very quick, somewhat resistant to hostile enchantments, quite stealthy
A: unfitting armour, see invisible, herbivore 3, speed 3, slow metabolism 2
a: Renounce Religion


You were on level 5 of the Dungeon.
You worshipped Dithmenos.
Dithmenos was noncommittal.
You were hungry.

You visited 1 branch of the dungeon, and saw 5 of its levels.

You collected 229 gold pieces.

Inventory:

Hand weapons
 a - a +3 dagger (weapon)
 b - a +0 blowgun
Missiles
 e - a poisoned needle
Armour
 c - a +0 robe (worn)
 k - a +0 cloak (worn)
Magical devices
 w - a wand of frost (20)
 x - a wand of confusion (33)
Scrolls
 j - a scroll of teleportation
 l - 5 scrolls of fog
 o - 2 scrolls of identify
 q - a scroll of noise
 r - a scroll of immolation
 v - 2 scrolls of fear
Potions
 h - a potion of degeneration
 i - 2 potions of curing
 p - a potion of might
Books
 y - a book of Unlife

   Spells                             Type                      Level
   a - Recall                         Summoning/Translocation      3
   b - Animate Dead                   Necromancy                   4
   c - Control Undead                 Necromancy                   4
   d - Cigotuvi's Embrace             Necromancy                   5
   e - Death Channel                  Necromancy                   6
   f - Simulacrum                     Ice/Necromancy               6
Comestibles
 g - 6 bread rations


   Skills:
 - Level 1.5 Fighting
 * Level 7.2 Short Blades
 - Level 2.1 Throwing
 - Level 1.5 Dodging
 + Level 8.6 Stealth


You had 6 spell levels left.
You didn't know any spells.

Dungeon Overview and Level Annotations

Branches:
Dungeon (5/15)
 Temple: D:4-7

Altars:
Dithmenos
Kikubaaqudgha
Ru
Sif Muna
Vehumet

Annotations:
D:2 1 exclusion


Innate Abilities, Weirdness & Mutations

You are tiny and cannot use many weapons and most armour.
You have supernaturally acute eyesight.
You are a herbivore.
You cover ground extremely quickly.
You need consume almost no food.


Message History

Unknown command.
Your transformation is almost over.
You hear a distant blaring wail to the south.
You feel less woody.
Your +0 cloak unmelds from your body.
Your +0 robe unmelds from your body.
An adder comes into view.
An orc comes into view. It is wielding a flail.
You feel a little less mighty now.
The orc shouts!
The orc closely misses you.
The orc shouts!
The orc hits you with a falchion. The orc hits you with a flail.
You feel a little less clever now. The adder misses you.
The orc priest invokes the aid of Beogh against you.
You resist with significant effort.
The orc priest calls down the wrath of Beogh upon you.
Something smites you!
You die...

...o.o,,..............#
.#....,,..........o...#
**....,,.........o....##
*,,,,,,,...............#
*,,,,,,,........oo.....##
#...,,,,................#
....,,,,........S......##
....,,,,.........###...#
..,,,,,,.....###@.######
.....,,,......##..#..#
#...,,,,..#....#...###
#..#,,****##.....###
#..#*,,** #.....##
#..#**..####......#######
#..# *...#...####.......#
.>.# *#........###..###.#
%..## *#.......####.####*


You could see an orc priest, an adder and 3 orcs.

Vanquished Creatures
  An ogre (D:5)
  A centaur (D:3)
  A crimson imp (D:5)
  A hound (D:3)
  An orc wizard (D:4)
  An orc priest (D:4)
  Jessica (D:2)
  Terence (D:1)
  2 worker ants (D:4)
  5 adders
  4 oozes
  A worm (D:5)
  A giant gecko (D:2)
  6 orcs
  5 bats
  9 giant cockroaches
  7 goblins
  8 hobgoblins
  3 jackals (D:2)
  5 kobolds
  A ball python (D:1)
  6 giant newts
  A quokka (D:3)
  10 rats
82 creatures vanquished.

Notes
Turn   | Place    | Note
--------------------------------------------------------------
     0 | D:1      | Goblin1989 the Spriggan Assassin began the quest for the Orb.
     0 | D:1      | Reached XP level 1. HP: 10/10 MP: 2/2
   265 | D:1      | Reached XP level 2. HP: 14/14 MP: 3/3
   867 | D:1      | Reached skill level 6 in Stealth
   957 | D:2      | Noticed Terence
   970 | D:1      | Killed Terence
   970 | D:1      | Reached XP level 3. HP: 14/18 MP: 4/4
  1030 | D:2      | Upgraded the game from 0.17-a0-1882-g750edc8 to 0.17-a0-1887-g3e50df6
  1064 | D:2      | Noticed Jessica
  1084 | D:2      | Killed Jessica
  1084 | D:2      | Reached XP level 4. HP: 9/22 MP: 5/5
  2172 | D:2      | Reached skill level 5 in Short Blades
  2476 | D:3      | Reached skill level 7 in Stealth
  2476 | D:3      | Reached XP level 5. HP: 13/25 MP: 6/6
  2724 | D:3      | Found a shadowy altar of Dithmenos.
  2735 | D:3      | Became a worshipper of Dithmenos the Shadowed
  2787 | D:3      | Noticed a centaur
  2801 | D:3      | Killed a centaur
  2884 | D:3      | Reached XP level 6. HP: 22/30 MP: 7/7
  3400 | D:4      | Found a deep blue altar of Sif Muna.
  3401 | D:4      | Found a radiant altar of Vehumet.
  3401 | D:4      | Found an ancient bone altar of Kikubaaqudgha.
  3427 | D:4      | Found a sacrificial altar of Ru.
  3502 | D:4      | Reached skill level 8 in Stealth
  3952 | D:5      | Entered Level 5 of the Dungeon
  4132 | D:5      | Reached XP level 7. HP: 33/33 MP: 8/8
  4430 | D:5      | Killed from afar by an orc priest

Vault maps used:
D:1:      wheals_arrival_linesprint
D:2:      uniq_terence, uniq_crazy_yiuf_cottage, uniq_jessica
D:3:      old_standard_altar, first_bread
D:4:      nicolae_overflow_quartered_altars
D:5:      hangedman_abyss_or_decor_stagger

Action                   |  1- 3 |  4- 6 |  7- 9 || total
-------------------------+-------+-------+-------++-------
Melee: Dagger            |    32 |   168 |    15 ||   215
 Fire: Blowgun           |    21 |    22 |     3 ||    46
  Use: Potion            |       |       |     9 ||     9
       Scroll            |       |       |     8 ||     8
 Stab: Sleeping          |    18 |    25 |     2 ||    45
       Distracted        |       |     1 |       ||     1
